 Dungeon Crawl Stone Soup version 0.17-a0-1210-g1e4f09d (webtiles) character file.

1162 kaiten80 the Ducker (level 8, -2/79 HPs)
             Began as a Troll Chaos Knight on June 4, 2015.
             Hit by a tomahawk thrown by an orc warrior (12 damage)
             ... on level 6 of the Dungeon.
             The game lasted 00:54:21 (4779 turns).

kaiten80 the Ducker (Troll Chaos Knight)            Turns: 4779, Time: 00:54:21

Health: -2/79      AC:  9    Str: 23    XL:     8   Next: 17%
Magic:  7/7        EV: 11    Int: 13    God:    Xom [..*...]
Gold:   276        SH:  0    Dex:  9    Spells: 0 memorised, 7 levels left

rFire  . . .     SeeInvis .     a - +1 mace (chaos)
rCold  . . .     Clarity  .     b - +2 robe
rNeg   . . .     SustAt   .     (no shield)
rPois  .         Gourm    +     (helmet restricted)
rElec  .         Spirit   .     d - +1 cloak
rCorr  .         Warding  .     (gloves unavailable)
rMut   .         Stasis   .     (boots unavailable)
MR     .....                    (no amulet)
Stlth  +.........               (no ring)
                                y - +5 ring of intelligence

@: not resistant to hostile enchantments, very unstealthy
A: unfitting armour, beak, claws 3, fast metabolism 3, gourmand, regeneration 2,
shaggy fur 1, tough skin 2
a: Renounce Religion


You were on level 6 of the Dungeon.
You worshipped Xom.
You were a toy of Xom.
You were full.

You visited 2 branches of the dungeon, and saw 7 of its levels.

You collected 276 gold pieces.

Inventory:

Hand weapons
 a - a +1 mace of chaos (weapon)
 g - a +1 short sword of electrocution
 t - a +2 hunting sling of flaming
 A - a +1 vampiric dagger
 B - a +0 flail
 C - a +2 antimagic dagger
Missiles
 r - 8 arrows of frost
 H - 131 stones (quivered)
Armour
 b - a +2 robe (worn)
 d - a +1 cloak (worn)
 i - a +0 robe
 x - a +3 ring mail
Jewellery
 y - a +5 ring of intelligence (left claw)
Scrolls
 o - a scroll of magic mapping
 p - 2 scrolls of enchant armour
 q - 4 scrolls of teleportation
 u - a scroll of remove curse
 z - a scroll of random uselessness {unknown}
 F - a scroll of fear
 J - a scroll of noise {unknown}
Potions
 e - 2 potions of lignification {unknown}
 f - a potion of heal wounds
 h - a potion of degeneration {unknown}
 j - a potion of flight {unknown}
 k - 4 potions of curing
 l - a potion of might
 s - a potion of ambrosia {unknown}
 w - a potion of resistance {unknown}
 D - a potion of brilliance
 G - a potion of magic {unknown}
 I - a potion of haste {unknown}
Comestibles
 c - 3 bread rations
 m - 2 meat rations
 n - 2 beef jerkies
 E - 3 royal jellies
 K - 2 fruits


   Skills:
 + Level 4.7 Fighting
 + Level 5.0 Maces & Flails
 + Level 6.1 Dodging


You had 7 spell levels left.
You didn't know any spells.

Dungeon Overview and Level Annotations

Branches:
Dungeon (6/15)             Temple (1/1) D:5

Altars:
Ashenzari
Cheibriados
Dithmenos
Elyvilon
Fedhas
Makhleb
Nemelex Xobeh
Ru
Trog
Zin
The Shining One


Innate Abilities, Weirdness & Mutations

You are too large for most types of armour.
You have claws for hands.
Your metabolism is lightning-fast.
You like to eat raw meat.
You heal very quickly.
You are covered in fur (AC +1).
You have very tough skin (AC +2).
You have a beak for a mouth.


Message History

The orc priest is almost dead.
The orc warrior closely misses you. The orc priest closely misses you.
You hit the orc priest.
You kill the orc priest!
The orc warrior closely misses you. The orc warrior closely misses you.
Things that are here:
a mace; an orc corpse The orc warrior throws a tomahawk.
The tomahawk hits you but does no damage.
You see here a tomahawk.
The orc warrior throws a tomahawk.
The tomahawk hits you!!
* * * LOW HITPOINT WARNING * * *
You see here a tomahawk.
The orc warrior throws a tomahawk.
The tomahawk hits you but does no damage.
You see here a tomahawk.
The orc warrior throws a tomahawk.
The tomahawk hits you!
You die...
Xom guffaws!

#.....#...
#####...##
#######.## #.......#
#.####### #.########
### #.# #.........
..# #.#
#.#########..#######
#.# #.#
#...@(((..)..# #.#
#.# #.#########o## #
#.# #.# #.#####...
#.# #.# #g#.......
##.###.######.
#oa.o....g
..<...........
#.##a..##.
##..#########. #..#
...# #...........
#..$. ....
#...######## #...#
.#.


You could see an orc warrior.

Vanquished Creatures
  Prince Ribbit (D:6)
  A black bear (D:4)
  A necrophage (D:6)
  The ghost of Sommunist the Charmwright, an average HESk (D:3)
  A giant frog (D:6)
  A scorpion (D:5)
  A crimson imp (D:5)
  An orc priest (D:6)
  A jelly (D:5)
  An iguana (D:5)
  Natasha (thrice) (D:4)
  4 orc wizards
  3 worker ants
  A hound skeleton (D:5)
  A worker ant zombie (D:6)
  A gnoll (D:6)
  5 adders
  3 shadow imps (D:5)
  An ooze (D:2)
  4 worms
  2 giant geckos
  13 orcs
  A ball python (D:2)
  A bat skeleton (D:5)
  4 giant cockroaches
  14 goblins
  9 hobgoblins
  10 kobolds
  6 bats
  A giant gecko zombie (D:5)
  8 giant newts
  2 quokkas
  A quokka skeleton (D:5)
  5 rats
113 creatures vanquished.

Vanquished Creatures (collateral kills)
  An orc priest (D:3)
  An orc wizard (D:3)
  Jessica (D:3)
  An orc (D:3)
  2 bats
  A rat (D:3)
7 creatures vanquished.

Grand Total: 120 creatures vanquished

Notes
Turn   | Place    | Note
--------------------------------------------------------------
     0 | D:1      | kaiten80 the Troll Chaos Knight began the quest for the Orb.
     0 | D:1      | Reached XP level 1. HP: 22/22 MP: 0/0
   257 | D:1      | Reached XP level 2. HP: 29/29 MP: 1/1
   442 | D:1      | XOM: silly message
   773 | D:2      | Reached skill level 3 in Maces & Flails
   807 | D:2      | Found a glowing golden altar of the Shining One.
   871 | D:2      | Reached XP level 3. HP: 34/37 MP: 2/2
  1015 | D:2      | XOM: confuse monster(s)
  1147 | D:2      | XOM: give mutation
  1147 | D:2      | Gained mutation: You have a beak for a mouth. [Xom's grace]
  1780 | D:3      | XOM: mild Conj miscast
  1861 | D:3      | Reached XP level 4. HP: 42/45 MP: 3/3
  1948 | D:3      | Noticed Sommunist's ghost (average HESk)
  1957 | D:3      | XOM: summons friendly quasit
  1967 | D:3      | Killed Sommunist's ghost
  1967 | D:3      | Reached XP level 5. HP: 44/53 MP: 4/4
  2065 | D:3      | XOM: summons friendly white imp
  2071 | D:3      | Reached skill level 4 in Maces & Flails
  2090 | D:3      | Noticed Jessica
  2094 | D:3      | Killed Jessica
  2094 | D:3      | Reached XP level 6. HP: 49/61 MP: 5/5
  2231 | D:4      | Found a blossoming altar of Fedhas.
  2262 | D:4      | Noticed a golden eye
  2262 | D:4      | an ogre changed into a golden eye
  2265 | D:4      | XOM: summons friendly iron imp
  2390 | D:4      | XOM: harmless Air miscast
  2535 | D:4      | Found a glowing silver altar of Zin.
  2578 | D:4      | Noticed Natasha
  2584 | D:4      | Killed Natasha
  2674 | D:4      | Noticed Natasha
  2680 | D:4      | Killed Natasha
  2912 | D:4      | Noticed Natasha
  2920 | D:4      | Killed Natasha
  2983 | D:4      | XOM: silly message
  3162 | D:5      | Entered Level 5 of the Dungeon
  3249 | D:5      | Found a staircase to the Ecumenical Temple.
  3572 | D:5      | XOM: potion effect (berserk rage)
  3576 | D:5      | Reached XP level 7. HP: 70/70 MP: 6/6
  3669 | D:5      | XOM: harmless Pois miscast
  3771 | D:5      | Reached skill level 5 in Dodging
  4086 | Temple   | Entered the Ecumenical Temple
  4297 | D:6      | XOM: silly message
  4463 | D:6      | Noticed Prince Ribbit
  4470 | D:6      | XOM: potion effect (might)
  4473 | D:6      | Killed Prince Ribbit
  4473 | D:6      | Reached XP level 8. HP: 35/79 MP: 7/7
  4491 | D:6      | Found a bloodstained altar of Trog.
  4542 | D:6      | Reached skill level 5 in Maces & Flails
  4549 | D:6      | Reached skill level 6 in Dodging
  4779 | D:6      | Hit by a tomahawk thrown by an orc warrior

Vault maps used:
D:1:      minmay_arrival_loop
D:2:      old_standard_altar
D:3:      first_bread, uniq_jessica
D:4:      black_bear_nest_2, nicolae_overflow_hidden_temple,
          nicolae_overflow_crystal_walls, uniq_natasha
D:5:      minmay_temple_entry_trees
D:6:      okawaru_gym_becter, lemuel_crystal_altar, uniq_prince_ribbit1
Temple:   nicolae_temple_great_sept

Action                   |  1- 3 |  4- 6 |  7- 9 || total
-------------------------+-------+-------+-------++-------
Melee: Mace              |   124 |   190 |    95 ||   409
  Use: Scroll            |     1 |     5 |     3 ||     9
       Potion            |       |     3 |     2 ||     5
 Stab: Sleeping          |     2 |       |       ||     2
       Paralysed         |       |     2 |     1 ||     3
  Eat: Chunk             |    13 |    15 |     9 ||    37
       Bread ration      |     1 |       |       ||     1
       Fruit             |     2 |     1 |       ||     3
       Pizza             |       |       |     2 ||     2
       Beef jerky        |       |       |     1 ||     1
